 Dungeon Crawl Stone Soup version 0.31-a0-339-gda1cbd555d (webtiles) character file.

Game seed: 12944016319712699663

3605 LeprechaunX the Changeling (level 10, -1/66 (68) HPs)
             Began as an Octopode Shapeshifter on July 20, 2023.
             Was a Believer of Cheibriados.
             Slain by a wight
             ... wielding a +0 flail
              (10 damage)
             ... on level 7 of the Dungeon.
             The game lasted 00:10:43 (7030 turns).

LeprechaunX the Changeling (Octopode Shapeshifter)  Turns: 7030, Time: 00:10:44

HP:   -1/66 (68)    AC:  1    Str: 20    XL:     10   Next: 10%
MP:   11/11         EV: 16    Int: 17    God:    Cheibriados [**....]
Gold: 372           SH:  0    Dex: 19    Spells: 9/9 levels left

rFire   . . .        l - +10 short sword "Koirebb" {flame, +Blink Int+2}
rCold   . . .        (no shield)
rNeg    . . .        (helmet currently unavailable)
rPois   .            (no amulet)
rElec   .            r - ring of resist corrosion
rCorr   +            (no ring)
SInv    .            (no ring)
Will    .....        (no ring)
Stlth   +++          (no ring)
HPRegen 0.31/turn    (no ring)
MPRegen 0.12/turn    (no ring)
                     (no ring)

%: no passive effects
@: beast-form, on blink cooldown, lightly drained, very slow
A: beast (slay +4), almost no armour, amphibious, 8 rings, camouflage 1,
gelatinous body 1, (nimble swimmer 1), tentacles
a: Begin Untransformation, Renounce Religion, Evoke Blink, Bend Time


You were on level 7 of the Dungeon.
You worshipped Cheibriados.
Cheibriados was pleased with you.
You were a hulking beast.
You visited 2 branches of the dungeon, and saw 8 of its levels.

You collected 372 gold pieces.

Inventory:

Hand Weapons
 l - the +10 short sword "Koirebb" (weapon) {flame, +Blink Int+2}
   (You found it on level 2 of the Dungeon)

   Int:       It affects your intelligence (+2).
   +Blink:    It lets you blink.
 q - the +5 flail of the Radish {holy, rN+ Dex+4}
   (You found it on level 4 of the Dungeon)

   Dex:       It affects your dexterity (+4).
   rN:        It protects you from negative energy.
Missiles
 x - 2 boomerangs of dispersal (quivered)
Armour
 s - a +0 buckler
Jewellery
 r - a ring of resist corrosion (left tentacle)
Talismans
 b - a beast talisman
Wands
 a - a wand of flame (42)
Scrolls
 c - 7 scrolls of identify {unknown}
 f - a scroll of blinking {unknown}
 g - 2 scrolls of noise {unknown}
 h - 3 scrolls of poison {unknown}
 i - a scroll of fog {unknown}
 j - 2 scrolls of teleportation {unknown}
 p - 2 scrolls of revelation {unknown}
 t - 2 scrolls of fear {unknown}
 u - a scroll of amnesia {unknown}
 y - a scroll of vulnerability {unknown}
Potions
 d - a potion of magic {unknown}
 e - a potion of curing {unknown}
 k - a potion of attraction {unknown}
 m - 2 potions of invisibility {unknown}
 n - 2 potions of enlightenment {unknown}
 o - 3 potions of haste {unknown}
 v - a potion of lignification
 w - a potion of heal wounds {unknown}


   Skills:
 + Level 5.8 Fighting
 + Level 5.0 Short Blades
 - Level 5.0 Dodging
 + Level 5.8 Unarmed Combat
 + Level 2.6 Invocations
 + Level 5.3 Evocations
 * Level 7.0 Shapeshifting


You had 9 spell levels left.
You didn't know any spells.
Your spell library contained the following spells:

 Spells                   Type           Power      Damage    Failure   Level
 Slow                     Hex            0%         N/A       24%         1
 Confusing Touch          Hex            0%         N/A       56%         3
 Portal Projectile        Hex/Tloc       0%         N/A       56%         3
 Tukima's Dance           Hex            0%         N/A       56%         3
 Vampiric Draining        Necr           0%         2d6       56%         3
 Iskenderun's Mystic Bla  Conj/Tloc      0%         2d3       93%         4


Dungeon Overview and Level Annotations

Branches:
Dungeon (7/15)             Temple (1/1) D:4

Altars:
Ashenzari
Cheibriados
Fedhas
Hepliaklqana
Kikubaaqudgha
Okawaru
Qazlal
Ru
Trog
Uskayaw
Vehumet
Wu Jian
Yredelemnul
Zin
The Shining One


Innate Abilities, Weirdness & Mutations

You are a hulking beast.
Your limbs bulge with bestial killing power. (Slay +4)
You cannot wear most types of armour.
You are amphibious.
You can wear up to eight rings at the same time.
Your skin changes colour to match your surroundings (Stealth+).
Your rubbery body absorbs attacks. (AC +1, EV +1)
((You are camouflaged when in or above water. (Stealth+)))
You have tentacles for arms and can constrict up to eight enemies at once.


Message History

A black bear comes into view.
The orc moves out of view.
Things that are here:
a +0 dagger; a +0 scale mail The black bear growls angrily.
You hit the orc warrior but do no damage.
You grab the orc warrior. You constrict the orc warrior.
The wight hits you with a +0 flail!
You feel drained. The orc warrior misses you. The orc closely misses you.
You barely miss the orc warrior.
The orc warrior is lightly wounded.
You constrict the orc warrior, but do no damage.
The wight completely misses you.
An orc comes into view. It is wielding a +0 hand axe.
The orc warrior hits you with a +0 halberd!
* * * LOW HITPOINT WARNING * * *
The orc barely misses you.
You release your grip on the orc warrior.
The orc warrior hits you from afar with a +0 halberd!
* * * LOW HITPOINT WARNING * * *
The orc completely misses you.
There is an open door, spattered with blood here.
Things that are here:
a +0 dagger; a +0 robe You blink.
An orc comes into view. It is wielding a +0 flail.
The wyvern zombie barely misses you. The orc warrior misses you.
The howler monkey zombie barely misses you.
The orc barely misses you. The wyvern zombie misses you.
The howler monkey zombie attacks as you move away!
The howler monkey zombie hits you.
* * * LOW HITPOINT WARNING * * *
The orc attacks as you move away! The orc closely misses you.
The wight attacks as you move away! The wight closely misses you.
The orc misses you.
The howler monkey zombie hits you but does no damage.
The orc misses you.
The orc shouts!
The wight attacks as you move away! The wight hits you with a +0 flail!
You die...

#. #.
##.#### #
#.....###
## #.......
##.
#####......
#..
#.........#
#..
......o.h#
#..
###..oz##
##.
##.####Zo##
##


oo..Zho.Z# #. # .#####)## #. ##)## #.# ##...## #######.### ##.....## #.........#
# #.......###.##.##<..# # You could see an orc warrior, a black bear, a wight, 3
orcs, a wyvern zombie and a howler monkey zombie.

Vanquished Creatures
  Pikel (D:5)
  Prince Ribbit (D:5)
  Sigmund (D:3)
  2 steam dragons
  Edmund (D:5)
  A black bear (D:4)
  An orc warrior (D:6)
  A sky beast (D:7)
  An ice beast (D:6)
  2 ogres
  A centaur (D:5)
  2 lemures (D:5)
  2 bullfrogs
  5 scorpions
  A water moccasin zombie (D:5)
  A wight (D:7)
  5 centaur zombies
  3 bullfrog zombies
  2 jellies
  A gnoll bouda (D:7)
  5 orc priests
  4 hounds
  2 sleepcaps (D:5)
  3 iguanas
  A scorpion zombie (D:5)
  10 orc wizards
  A killer bee zombie (D:7)
  3 gnolls (D:7)
  9 adders
  A shadow imp (D:6)
  A white imp (D:5)
  An ufetubus (D:5)
  A worm (D:5)
  A dart slug (D:2)
  21 orcs
  9 ball pythons
  7 bats
  8 endoplasms
  4 giant cockroaches
  6 hobgoblins
  7 jackals (D:1)
  A quokka (D:2)
  4 frilled lizards
  8 goblins
  3 kobolds
  6 rats
162 creatures vanquished.

Notes
Turn   | Place    | Note
-------+----------+-------------------------------------------
     0 | D:1      | LeprechaunX the Octopode Shapeshifter began the quest for
                  | the Orb.
     0 | D:1      | Reached XP level 1. HP: 14/14 MP: 1/1
    27 | D:1      | Found a faded altar of an unknown god.
    89 | D:1      | Reached XP level 2. HP: 19/19 MP: 2/2
   468 | D:1      | Reached XP level 3. HP: 24/24 MP: 3/3
   846 | D:2      | Found a radiant altar of Vehumet.
  1653 | D:2      | Identified the +10 short sword "Koirebb" {flame, +Blink
                  | Int+2}
  1697 | D:2      | Reached XP level 4. HP: 27/30 MP: 4/4
  1994 | D:3      | Noticed Sigmund
  2001 | D:3      | Killed Sigmund
  2002 | D:3      | Reached skill level 1 in Short Blades
  2002 | D:3      | Reached skill level 1 in Evocations
  2002 | D:3      | Reached skill level 4 in Shapeshifting
  2002 | D:3      | Reached XP level 5. HP: 19/36 MP: 5/5
  2002 | D:3      | Reached XP level 6. HP: 21/41 MP: 6/6
  2105 | D:3      | Identified the +1 leather armour "Idghuenwu" {Dex+3}
  2195 | D:3      | Identified the +3 ring mail "Utiwiuzups" {Will+}
  2202 | D:3      | Found a glowing golden altar of the Shining One.
  2464 | D:4      | Found a staircase to the Ecumenical Temple.
  2473 | D:4      | Identified the +5 flail of the Radish {holy, rN+ Dex+4}
  2509 | D:4      | Upgraded the game from 0.31-a0-331-geda263fcf1 to
                  | 0.31-a0-339-gda1cbd555d
  2847 | Temple   | Entered the Ecumenical Temple
  3153 | D:4      | Noticed a black bear
  3157 | D:4      | Killed a black bear
  3158 | D:4      | Reached XP level 7. HP: 46/46 MP: 7/7
  3573 | D:5      | Entered Level 5 of the Dungeon
  3698 | D:5      | Noticed Pikel
  3713 | D:5      | Killed Pikel
  3714 | D:5      | Reached skill level 5 in Shapeshifting
  3714 | D:5      | Reached XP level 8. HP: 28/54 MP: 8/8
  4320 | D:5      | Found a basalt altar of Yredelemnul.
  4504 | D:5      | Reached XP level 9. HP: 23/59 MP: 9/9
  4720 | D:5      | Noticed Edmund
  4722 | D:5      | Noticed Prince Ribbit
  4729 | D:5      | Killed Prince Ribbit
  4730 | D:5      | Reached skill level 5 in Unarmed Combat
  4730 | D:5      | Reached skill level 6 in Shapeshifting
  4733 | D:5      | HP: 2/60 [Edmund/+6 heavy flail (12)]
  4734 | D:5      | Killed Edmund
  4743 | D:5      | HP: 2/60 [sleepcap (3)]
  5081 | D:5      | Reached skill level 5 in Fighting
  5363 | D:5      | Found a snail-covered altar of Cheibriados.
  5375 | D:5      | Became a worshipper of Cheibriados the Contemplative
  5652 | D:6      | Reached skill level 1 in Invocations
  5684 | D:6      | Reached skill level 5 in Dodging
  5886 | D:6      | Found a sacrificial altar of Ru.
  5920 | D:6      | Reached * piety under Cheibriados
  6317 | D:7      | Reached skill level 5 in Evocations
  6516 | D:7      | Reached XP level 10. HP: 59/67 MP: 11/11
  6786 | D:7      | Reached skill level 5 in Short Blades
  6790 | D:7      | Reached ** piety under Cheibriados
  6791 | D:7      | Reached skill level 7 in Shapeshifting
  7030 | D:7      | Slain by a wight

Illustrated notes

Levels and vault maps discovered:
D:1:      dpeg_arrival_stonehenge_8_columns, layout_basic,
          hellmonk_ecumenical_altar_dog_temple
D:2:      layout_basic, basic_altar, kennysheep_generic_room_8
D:3:      layout_rooms, mainiacjoe_overflow_24_doors, serial_rivers,
          chequers_serial_rivers_large_b, chequers_serial_rivers_micro_b,
          chequers_serial_rivers_micro_a, chequers_serial_rivers_marsh,
          chequers_serial_rivers_room_b, grunt_decor_junction, uniq_sigmund
D:4:      layout_basic, temple_statues, kennysheep_generic_room_15
D:5:      layout_loops_corners, nicolae_yredelemnul_corpse_copse, slow_altar_2,
          uniq_prince_ribbit1, uniq_pikel, uniq_edmund
D:6:      layout_gridville, mainiacjoe_overflow_tiny_flanked, st_stairs_7
D:7:      layout_loops_corners, serial_undead, serial_undead_a, serial_undead_c,
          serial_undead_a, serial_undead_e, uniq_crazy_yiuf_cottage
Temple:   hellmonk_temple_of_storms

Skill      XL: |  1  2  3  4  5  6  7  8  9 10 |
---------------+-------------------------------+-----
Unarmed Combat | 3 4 5 |  5.8
Short Blades   | 1 2 3 4 5 |  5.0
Evocations     | 1 2 3 5 |  5.3
Shapeshifting  | 4 5 6 7 |  7.0
Fighting       | 3 4 5 |  5.8
Dodging        | 3 4 5 |  5.0
Invocations    | 2 |  2.6

Action                     |  1- 3 |  4- 6 |  7- 9 | 10-12 || total
---------------------------+-------+-------+-------+-------++-------
  Melee: Unarmed           |    69 |       |       |       ||    69
         Constrict         |    17 |    10 |    40 |     6 ||    73
         Tentacles         |    17 |     4 |    30 |     7 ||    58
         Punch             |     2 |     1 |     5 |     2 ||    10
         Short sword       |       |    42 |   160 |    31 ||   233
Ability: Evoke Blink       |       |     1 |     1 |     1 ||     3
    Use: Potion            |       |       |     1 |       ||     1
   Stab: Sleeping          |    10 |     3 |     9 |     1 ||    23
 Armour: Skin              |     8 |       |    17 |     6 ||    31
  Dodge: Dodged            |    42 |    10 |    59 |    38 ||   149

Table legend: (Time is in decaauts)
 A = Elapsed time spent in this place.
 B = Non-inter-level travel time spent in this place.
 C = Inter-level travel time spent in this place.
 D = Time resting spent in this place.
 E = Time spent auto-exploring this place.
 F = Levels seen in this place.
 G = Mean time per level.
                   A        B        C        D        E       F      G
               +--------+--------+--------+--------+--------+-----+--------+
         Total |   7321 |   7089 |    232 |    759 |   5426 |   8 |  915.1 |
       Dungeon |   7313 |   7081 |    232 |    759 |   5426 |   7 | 1044.7 |
        Temple |      7 |      7 |      0 |      0 |      0 |   1 |    7.0 |
               +--------+--------+--------+--------+--------+-----+--------+

Top non-repeatable levels by time:
     D:5: 1876 daAuts
     D:4: 1102 daAuts
     D:7: 1051 daAuts
     D:2: 953 daAuts
     D:6: 829 daAuts
     D:1: 816 daAuts
     D:3: 683 daAuts
  Temple: 7 daAuts
